 Dungeon Crawl Stone Soup version 0.25-a0-1118-g1a081956a1 (webtiles) character file.

Game seed: 2766178221200181517, levelgen mode: deterministic

54 Zarvil the Digger (level 3, -1/19 HPs)
             Began as a Gargoyle Earth Elementalist on May 17, 2020.
             Splashed by a jelly's acid (10 damage)
             ... on level 1 of the Dungeon.
             The game lasted 00:01:36 (937 turns).

Zarvil the Digger (Gargoyle Earth Elementalist)      Turns: 937, Time: 00:01:36

Health: -1/19      AC:  1    Str: 11    XL:     3   Next: 91%
Magic:  1/7        EV: 12    Int: 16    God:
Gold:   20         SH:  0    Dex: 10    Spells: 3/7 levels left

rFire    . . .     SeeInvis .   e - +3 short sword (drain)
rCold    . . .     Gourm    .   (no shield)
rNeg     + . .     Faith    .   c - +0 robe
rPois    ∞         Spirit   .   (no helmet)
rElec    +         Reflect  .   (no cloak)
rCorr    .         Harm     .   (no gloves)
MR       .....                  (no boots)
Stlth    +++.......             (no amulet)
HPRegen  0.06/turn              a - ring of stealth
MPRegen  0.10/turn              (no ring)

@: corroded
A: negative energy resistance 1, electricity resistance, unbreathing,
petrification resistance, rot immunity, AC +3
a: no special abilities


You were on level 1 of the Dungeon.
You were not hungry.

You visited 1 branch of the dungeon, and saw 1 of its levels.

You collected 20 gold pieces.

Inventory:

Hand Weapons
 e - a +3 short sword of draining (weapon)
Missiles
 b - 103 stones (quivered)
Armour
 c - a +0 robe (worn)
Jewellery
 a - a ring of stealth (left hand)
Potions
 g - 2 potions of curing {unknown}
 h - 2 potions of flight {unknown}
 i - a potion of might {unknown}
Comestibles
 d - 6 rations
 f - 2 chunks of flesh


   Skills:
 - Level 1.5 Dodging
 - Level 2.1 Stealth
 + Level 2.9 Spellcasting
 + Level 1.0 Conjurations
   Level 0.7 Transmutations
 + Level 4.6 Earth Magic


You had 3 spell levels left.
You knew the following spells:

 Your Spells              Type           Power        Failure   Level  Hunger
a - Sandblast             Erth           ###...       2%          1    #......
b - Stone Arrow           Conj/Erth      ##....       17%         3    ###....

Your spell library contained the following spells:

 Spells                   Type           Power        Failure   Level  Hunger
 Passwall                 Tmut/Erth      ##......     10%         2    ##.....
 Petrify                  Tmut/Erth      ##......     52%         4    #####..
 Lee's Rapid Deconstruct  Erth           ###.......   61%         5    ######.


Dungeon Overview and Level Annotations

Branches:
Dungeon (1/15)

Altars:


Innate Abilities, Weirdness & Mutations

You are resistant to torment.
Your stone body is resilient. (AC +3)
You are immune to poison.
You resist negative energy. (rN+)
You are resistant to electric shocks. (rElec)
You can survive without breathing.
You are immune to petrification.
You are immune to rotting.


Message History

Casting: Sandblast (safe; 2% risk of failure)
Confirm with . or Enter, or press ? or * to list all spells.
Aiming: Sandblast (safe; 2% risk of failure)
Press: ? - help, Shift-Dir - straight line, f - jelly
Aim: a jelly The blast of sand hits the jelly!
The jelly is moderately wounded.
b - 104 stones The jelly hits you.
You are splashed with acid.
Casting: Sandblast (safe; 2% risk of failure)
Confirm with . or Enter, or press ? or * to list all spells.
Aiming: Sandblast (safe; 2% risk of failure)
Press: ? - help, Shift-Dir - straight line, f/p - jelly
Aim: a jelly (moderately wounded)
The blast of sand hits the jelly!
The jelly is almost dead.
b - 103 stones The jelly hits you.
The acid corrodes you!
You are splashed with acid!
Ouch! That really hurt!
You die... #†# ##.## #..# #.# ##...###..##### #.# ##.....##....... #.# #........#.###.# #.# ####.....#.#.###.# #.# #................. #.# #.###############. #.# #.#.............#. ##.# #@#....hrrrs....#[ ...# #J#..swrsw.J.r.

#. ####
#h#######J#######.
#####
#r#......J......#.
....#
#JJ⌠....###....⌠'.
###.#
#.#......<......#.
.##.#######
#.#..⌠...>...⌠..#.
..........###
#.###+#######+###.
.##.........#
#.................


You could see a jelly, 2 oozes, a jackal and a rat.

Vanquished Creatures
  A jelly (D:1)
  An ooze (D:1)
  A dart slug (D:1)
  A leopard gecko (D:1)
  3 bats (D:1)
  A giant cockroach (D:1)
  A goblin (D:1)
  2 frilled lizards (D:1)
  5 kobolds (D:1)
  4 rats (D:1)
20 creatures vanquished.

Notes
Turn   | Place    | Note
-------+----------+-------------------------------------------
     0 | D:1      | Zarvil the Gargoyle Earth Elementalist began the quest for
                  | the Orb.
     0 | D:1      | Reached XP level 1. HP: 10/10 MP: 3/3
     1 | D:1      | Found a runed translucent door.
     1 | D:1      | Noticed a jelly
     1 | D:1      | Noticed a jelly
   180 | D:1      | Reached XP level 2. HP: 15/15 MP: 3/5
   196 | D:1      | Reached skill level 4 in Earth Magic
   779 | D:1      | Reached XP level 3. HP: 13/19 MP: 6/6
   784 | D:1      | Learned a level 3 spell: Stone Arrow
   935 | D:1      | Reached skill level 1 in Conjurations
   937 | D:1      | Splashed by a jelly's acid

Illustrated notes

Levels and vault maps discovered:
D:1:      dpeg_arrival_caged_fury, layout_loops_ring

Skill      XL: |  1  2  3 |
---------------+----------+-----
Earth Magic    | 4 |  4.6
Conjurations   | 1 |  1.0
Dodging        | |  1.5
Stealth        | |  2.1
Spellcasting   | |  2.9
Transmutations | |  0.7

Action                   || total
-------------------------++-------
Melee: Unarmed           ||     5
       Short sword       ||    22
 Cast: Sandblast         ||    11
  Use: Scroll            ||     3
 Stab: Sleeping          ||     4
Armor: Robe              ||    13
Dodge: Dodged            ||    24

Table legend:
 A = Non-vault XP
 B = Vault XP
 C = Vault XP percentage of total XP
 D = Non-vault monster count
 E = Vault monster count
 F = Vault count percentage of total count
                 A         B        C        D         E       F
            +---------+---------+-------+---------+---------+-------
      Total |      35 |      43 |  55.1 |      18 |       2 |  10.0
            +---------+---------+-------+---------+---------+-------
        D:1 |      35 |      43 |  55.1 |      18 |       2 |  10.0
            +---------+---------+-------+---------+---------+-------
